 Dungeon Crawl Stone Soup version 0.20-a0-1109-ge3cd172 (webtiles) character file.

77 grindst0ne the Skirmisher (level 4, -2/40 HPs)
             Began as a Draconian Berserker on May 5, 2017.
             Was a Believer of Trog.
             Slain by Robin
             ... wielding a +3 short sword of electrocution
              (16 damage)
             ... on level 2 of the Dungeon.
             The game lasted 00:03:01 (1824 turns).

grindst0ne the Skirmisher (Draconian Berserker)     Turns: 1824, Time: 00:03:02

Health: -2/40      AC:  5    Str: 19    XL:     4   Next: 13%
Magic:  4/4        EV: 10    Int:  8    God:    Trog [**....]
Gold:   119        SH:  7    Dex: 11    Spells: 3/3 levels left

rFire    . . .     SeeInvis .   a - +0 falchion
rCold    . . .     Gourm    .   c - +0 shield
rNeg     . . .     Faith    .   (armour unavailable)
rPois    .         Spirit   .   (helmet restricted)
rElec    .         Reflect  .   (no cloak)
rCorr    .         Harm     .   (no gloves)
MR       .....                  (no boots)
Stlth    +.........             (no amulet)
Regen    0.2/turn               (no ring)
MPRegen  0.1/turn               (no ring)

@: no status effects
A: unfitting armour, cold-blooded, AC +5
a: Berserk, Trog's Hand, Burn Spellbooks, Renounce Religion


You were on level 2 of the Dungeon.
You worshipped Trog.
Trog was pleased with you.
You were not hungry.

You visited 1 branch of the dungeon, and saw 2 of its levels.

You collected 119 gold pieces.

Inventory:

Hand Weapons
 a - a +0 falchion (weapon)
Armour
 c - a +0 shield (worn)
Jewellery
 i - an uncursed ring of ice {unknown}
Scrolls
 d - a scroll of immolation {unknown}
 e - a scroll of amnesia {unknown}
 f - 2 scrolls of teleportation {unknown}
 g - a scroll of blinking {unknown}
 m - a scroll of identify {unknown}
 n - a scroll of remove curse {unknown}
 o - a scroll of recharging {unknown}
Potions
 h - 2 potions of brilliance {unknown}
 j - a potion of lignification {unknown}
 l - a potion of curing {unknown}
Comestibles
 b - a bread ration
 k - 2 chunks of flesh


   Skills:
 + Level 4.1 Fighting
 + Level 3.9 Long Blades
 + Level 3.1 Dodging
 + Level 0.6 Shields


You had 3 spell levels left.
You didn't know any spells.

Dungeon Overview and Level Annotations

Branches:
Dungeon (2/15)

Altars:

Annotations:
D:2 Robin


Innate Abilities, Weirdness & Mutations

Your plain brown scales are hard. (AC +5)
You cannot fit into any form of body armour.
You are cold-blooded and may be slowed by cold attacks.


Message History

Robin says, "Kneel, worm!"
You barely miss Robin. The goblin hits you but does no damage.
Robin hits you but does no damage.
You hit Robin.
Robin is lightly wounded.
The goblin hits you with a dagger. Robin hits you but does no damage.
The goblin no longer looks unusually strong.
You block the goblin's attack.
You closely miss the goblin. You block the goblin's attack.
Robin hits you but does no damage.
Your shield prevents you from hitting the goblin.
You tail-slap the goblin, but do no damage.
The goblin hits you but does no damage.
Robin roars a battlecry!
The goblin goes into a battle-frenzy!
The goblin hits you but does no damage.
You closely miss the goblin.
Robin hits you with a short sword of electrocution.
You are electrocuted!
You die...

.......##....####.#
....... #....# #.#
..##### #....# #.##### .
#########.....### ..##
#............# .....
#............#
......######............#
......')gg##............+
#
......###@##............#
# .....
##'##............# # ....
#................# # ...
#................. # .g
#................ # .
##+##...........
########... ... ..


You could see Robin and a goblin.

Vanquished Creatures
  A worm (D:2)
  A leopard gecko (D:1)
  7 bats
  14 giant cockroaches
  6 hobgoblins
  2 quokkas (D:2)
  A ball python (D:1)
  3 frilled lizards
  15 goblins
  6 kobolds
  7 rats
63 creatures vanquished.

Notes
Turn   | Place    | Note
-------+----------+-------------------------------------------
     0 | D:1      | grindst0ne the Draconian Berserker began the quest for the Orb.
     0 | D:1      | Reached XP level 1. HP: 19/19 MP: 1/1
   233 | D:1      | Reached XP level 2. HP: 26/26 MP: 2/2
  1057 | D:1      | Reached XP level 3. HP: 32/33 MP: 3/3
  1196 | D:2      | Reached ** piety under Trog
  1220 | D:2      | Found a faded altar of an unknown god.
  1297 | D:2      | Reached skill level 4 in Fighting
  1795 | D:2      | Noticed Robin
  1803 | D:2      | Reached XP level 4. HP: 39/40 MP: 4/4
  1824 | D:2      | Slain by Robin

Vault maps used:
D:1:      dpeg_arrival_rooms_b
D:2:      minmay_roachtagon, chequers_ecumenical_altar_simple, uniq_robin

Skill      XL: |  1  2  3 |
---------------+----------+-----
Dodging        | 3 |  3.1
Fighting       | 4 |  4.1
Long Blades    | |  3.9
Shields        | |  0.6

Action                   |  1- 3 |  4- 6 || total
-------------------------+-------+-------++-------
Melee: Falchion          |   158 |    20 ||   178
       Tailslap          |    19 |     3 ||    22
  Eat: Chunk             |     3 |       ||     3
Armor: Skin              |    69 |     7 ||    76
Dodge: Dodged            |   100 |     4 ||   104
Block: Shield            |    49 |     8 ||    57
       Rpst.: Falchion   |    32 |     1 ||    33
